cohdb
Replays
Latest Replays
All Replays
Popular Replays
Top Player Replays
Match Explorer
How It Works
Community
CoH3 Stats
Reddit
Sign in to upload your games and track your stats! →
Sign in with Steam
Match 42925618
Unlisted
Match 42925618
Overview
Messages
Build Orders
End
Construct Infanterie Kompanie
Selects Breakthrough Battlegroup
Selects Assault Grenadiers
MG 42 Machine Gun Team
Grenadier Squad
GrW 34 Mortar Team
Grenadier Squad
Selects Breakthrough
Breakthrough
Construct Luftwaffe Kompanie
Medical Station
Grenadier Squad
Support Elements
Selects Incendiary Bombing Run
Wirbelwind Flakpanzer
Jäger Squad
Jäger Squad
Marder III M Tank Destroyer
Selects Rapid Production
Side Skirts
Construct Panzergrenadier Kompanie
Pioneer Squad
Pioneer Squad
khj
Zebra
스팀계정족같네
boyboy
dl5277
Comety42
Domzukun
matrix4x4
0
0
Comments
sign in to comment!
No comments posted yet!